 Dungeon Crawl Stone Soup version 0.31.0 (webtiles) character file.

Game seed: 15040926007243829062

1623 inmateoo the Spear-Bearer (level 8, 0/61 HPs)
             Began as a Merfolk Gladiator on Jan 19, 2024.
             Slain by an orc warrior
             ... wielding a +0 battleaxe
              (17 damage)
             ... on level 6 of the Dungeon.
             The game lasted 00:08:04 (6349 turns).

inmateoo the Spear-Bearer (Merfolk Gladiator)       Turns: 6349, Time: 00:08:04

Health: 0/61       AC:  7    Str: 16    XL:     8   Next: 97%
Magic:  8/8        EV: 14    Int:  7    God:
Gold:   268        SH:  5    Dex: 16    Spells: 7/7 levels left

rFire   . . .        a - +0 trident (elec)
rCold   . . .        (no shield)
rNeg    . . .        j - +2 leather armour {Will+}
rPois   .            c - +1 helmet
rElec   .            (no cloak)
rCorr   .            (no gloves)
SInv    .            (no boots)
Will    ++...        p - amulet of reflection
Stlth   ++           s - ring of willpower
HPRegen 0.30/turn    (no ring)
MPRegen 0.11/turn

%: reflection
@: no status effects
A: (nimble swimmer 2), mertail
a: no special abilities


You were on level 6 of the Dungeon.
You visited 2 branches of the dungeon, and saw 8 of its levels.
You also visited: Sewer.

You collected 268 gold pieces.

Inventory:

Hand Weapons
 a - a +0 trident of electrocution (weapon)
Missiles
 d - 4 throwing nets (quivered)
 e - a javelin
Armour
 c - a +1 helmet (worn)
 j - a +2 leather armour of willpower (worn)
Jewellery
 p - an amulet of reflection (around neck)
 q - a ring of flight
 s - a ring of willpower (left hand)
Wands
 n - a wand of flame (6)
Scrolls
 b - a scroll of noise
 i - 2 scrolls of blinking
 m - 3 scrolls of enchant armour
Potions
 f - 2 potions of curing
 g - 2 potions of haste
 h - 3 potions of attraction {unknown}
 k - 2 potions of heal wounds {unknown}
 l - 4 potions of resistance {unknown}
 o - a potion of berserk rage {unknown}
 r - a potion of brilliance {unknown}
 t - 2 potions of lignification {unknown}
 u - a potion of invisibility {unknown}
 w - a potion of mutation


   Skills:
 + Level 4.3 Fighting
 * Level 10.9 Polearms
 + Level 2.2 Throwing
 * Level 3.3 Armour
 + Level 6.1 Dodging
 + Level 2.7 Stealth
 + Level 1.6 Shields


You had 7 spell levels left.
You didn't know any spells.
Your spell library contained the following spells:

 Spells                   Type           Power      Damage    Failure   Level
 Ensorcelled Hibernation  Hex/Ice        0%         N/A       63%         2
 Lesser Beckoning         Tloc           0%         N/A       63%         2
 Gell's Gravitas          Tloc           0%         N/A       86%         3
 Passwall                 Erth           0%         N/A       86%         3
 Swiftness                Air            0%         N/A       86%         3
 Teleport Other           Tloc           0%         N/A       86%         3
 Summon Forest            Summ/Tloc      0%         N/A       100%        5
 Summon Mana Viper        Hex/Summ       0%         N/A       100%        5
 Summon Cactus Giant      Summ           0%         N/A       100%        6


Dungeon Overview and Level Annotations

Branches:
Dungeon (7/15)             Temple (1/1) D:5           Sewer (visited)

Altars:
Ashenzari
Cheibriados
Elyvilon
Fedhas
Gozag
Kikubaaqudgha
Makhleb
Nemelex Xobeh
Qazlal
Ru
Sif Muna
Trog
Uskayaw
Wu Jian
Yredelemnul
The Shining One

Shops:
D:2 :


Innate Abilities, Weirdness & Mutations

((You are very nimble when in or above water. (Stealth+, EV+, Speed+++)))
Your lower body shifts to a powerful aquatic tail in water.


Message History

You climb upwards.
Reactivating autopickup.
There is a stone staircase leading down here.
You barely miss the sky beast.
The sky beast is almost dead.
The sky beast completely misses you.
You closely miss the sky beast.
The sky beast is almost dead.
You block the orc warrior's attack.
The sky beast hits you but does no damage.
You hit the sky beast.
The sky beast is almost dead.
You block the orc warrior's attack. The sky beast hits you.
The sky beast shocks you.
You hit the sky beast but do no damage.
The sky beast is almost dead.
The orc warrior hits you with a +0 battleaxe!
The sky beast closely misses you.
You hit the sky beast.
You kill the sky beast!
You hit the orc warrior but do no damage.
The orc warrior hits you with a +0 battleaxe!
You hit the orc warrior.
You punch the orc warrior, but do no damage.
The orc warrior is lightly wounded.
The orc warrior hits you with a +0 battleaxe!
* * * LOW HITPOINT WARNING * * *
You hit the orc warrior.
The orc warrior is moderately wounded.
The orc warrior hits you with a +0 battleaxe.
* * * LOW HITPOINT WARNING * * *
You hit the orc warrior.
The orc warrior is moderately wounded.
You feel better. You block the orc warrior's attack.
You hit the orc warrior but do no damage.
The orc warrior is moderately wounded.
The orc warrior barely misses you.
You feel better.
The orc warrior hits you with a +0 battleaxe!
You die...

######.# #.# .......# #.#
#####..# #.# ######### #
#..####.# #.......####### #
#.......# #.............##### #
#.####### #.####..#####.#....
#####.# #.##....# #.#.###
......## #####†##.#..# #......
####...# #.....@.....# ###.##.
#...# #.###.o.....# #.... #...#
#.# ###...#.# ##.#. #...#
#.#####...#.########.#.
####...####.##..............##.#.
............##..............##.##
....).......##..............##.##
............###.......#.....##...
##.#....##### #.#...###.....####.


You could see an orc warrior.

Vanquished Creatures
  2 sky beasts (D:6)
  An ice beast (D:6)
  An ogre (D:5)
  A kobold brigand (Sewer)
  2 bullfrogs (D:5)
  3 electric eels (D:3)
  A jelly (D:5)
  3 orc priests
  6 hounds
  2 sleepcaps (D:6)
  3 iguanas
  5 orc wizards
  15 adders
  7 river rats (Sewer)
  2 ufetubi (D:5)
  8 dart slugs
  2 ribbon worms
  22 orcs
  6 bats
  9 endoplasms
  A giant cockroach (D:2)
  9 goblins
  5 hobgoblins
  2 jackals (D:2)
  5 quokkas
  18 ball pythons
  5 frilled lizards
  22 kobolds
  24 rats
192 creatures vanquished.

Notes
Turn   | Place    | Note
-------+----------+-------------------------------------------
     0 | D:1      | inmateoo the Merfolk Gladiator began the quest for the Orb.
     0 | D:1      | Reached XP level 1. HP: 16/16 MP: 1/1
   146 | D:1      | Reached XP level 2. HP: 15/22 MP: 2/2
   934 | D:1      | Reached XP level 3. HP: 28/28 MP: 3/3
  1237 | D:2      | Reached skill level 1 in Armour
  1376 | D:2      | Reached XP level 4. HP: 32/34 MP: 4/4
  1382 | D:1      | Reached skill level 5 in Polearms
  1866 | D:2      | Reached XP level 5. HP: 34/39 MP: 5/5
  2122 | D:2      | Found Jatarat's Book Boutique.
  2476 | D:3      | Identified the +2 dagger "Sesis" {antimagic, rN+ rCorr}
  2573 | D:3      | Found a transporter.
  2866 | D:3      | Found a transporter.
  2923 | D:3      | Reached skill level 6 in Polearms
  2932 | D:3      | Found an ornate altar of the Wu Jian Council.
  3032 | D:3      | Reached XP level 6. HP: 46/46 MP: 6/6
  3233 | D:3      | Reached skill level 7 in Polearms
  3455 | D:4      | Found a snail-covered altar of Cheibriados.
  3628 | D:4      | Reached XP level 7. HP: 52/52 MP: 7/7
  4049 | D:5      | Entered Level 5 of the Dungeon
  4057 | D:5      | Reached skill level 1 in Stealth
  4127 | D:5      | Found a staircase to the Ecumenical Temple.
  4209 | Temple   | Entered the Ecumenical Temple
  4299 | D:5      | Reached skill level 8 in Polearms
  4302 | D:5      | Reached skill level 5 in Dodging
  4653 | D:5      | Reached skill level 9 in Polearms
  4669 | D:5      | Found a glowing drain.
  4675 | D:5      | Reached XP level 8. HP: 49/58 MP: 8/8
  4680 | Sewer    | Entered a sewer
  4889 | Sewer    | Reached skill level 1 in Shields
  5677 | D:6      | Reached skill level 10 in Polearms
  5914 | D:6      | Found an opulent altar of Gozag.
  5986 | D:6      | Found a bloodstained altar of Trog.
  5986 | D:6      | Found a stormy altar of Qazlal.
  6349 | D:6      | Slain by an orc warrior

Illustrated notes

Levels and vault maps discovered:
D:1:      heliophobic_arrival_dark_side_of_the_moon, layout_basic, st_stairs_12,
          minmay_split_cup_large
D:2:      layout_basic, serial_shops, shop_statue, st_stairs_6,
          minmay_snake_closets
D:3:      gammafunk_steamed_eel, layout_rooms, nicolae_wu_jian_wuxing_cycle,
          serial_bayou, serial_bayou_shore_b, serial_bayou_shore_a,
          serial_bayou_pond_a, serial_bayou_pond_e
D:4:      layout_layer_cave, kennysheep_slug_shrine
D:5:      layout_loops_ring, temple_statues, portal_sewer_entry_d
D:6:      layout_loops_cross, gammafunk_temple_overflow_wave,
          grunt_gozag_breadcrumbs
D:7:      layout_rooms, mainiacjoe_overflow_24_doors, marbit_many_paths,
          zin_treasury, okawaru_trees_1, minmay_circle_x
Temple:   chequers_temple_sunken

Skill      XL: |  1  2  3  4  5  6  7  8 |
---------------+-------------------------+-----
Armour         | 1 2 3 |  3.3
Polearms       | 5 6 7 9 10 | 10.9
Fighting       | 3 4 |  4.3
Stealth        | 1 2 |  2.7
Dodging        | 5 6 |  6.1
Shields        | 1 |  1.6
Throwing       | |  2.2

Action                     |  1- 3 |  4- 6 |  7- 9 || total
---------------------------+-------+-------+-------++-------
  Melee: Trident           |   109 |   208 |   309 ||   626
         Punch             |       |     1 |     4 ||     5
         Tailslap          |       |       |     1 ||     1
  Evoke: Wand              |       |     3 |       ||     3
    Use: Scroll            |     5 |     4 |     6 ||    15
         Potion            |       |       |     2 ||     2
   Stab: Sleeping          |       |     2 |     6 ||     8
 Armour: Ring mail         |    50 |    60 |       ||   110
         Leather armour    |       |    39 |   111 ||   150
  Dodge: Dodged            |    60 |   113 |   139 ||   312
  Block: Other             |       |     7 |    50 ||    57
         Reflection        |       |       |     2 ||     2
